details: 'my 1500 win lol'

« prev index next »

General information

Mini Map

Players

team 1
Orcstenislau (red | 67 APM | 376 actions | 05:34)
Hero icon 1 Priestess of the Moon
Ability icon 1 Searing Arrows
Hero icon 1 Tauren Chieftain
Ability icon 1 War Stomp
Hero icon 1 Demon Hunter
Ability icon 1 Mana Burn
Hero icon 1 Blademaster
Ability icon 1 Wind Walk

» actions
Assign group hotkey10
Basic commands42
Build / train20
Enter build submenu13
Enter hero's abilities submenu4
Right click139
Select / deselect69
Select group hotkey48
Use ability31
376 total
» units
Peon8
Grunt3
Wisp2
13 total
» buildings
Altar of Storms1
Orc Burrow4
Barracks4
Ancient of War2
Moon Well1
Stronghold1
13 total
» build order
00:07 Altar of Storms
00:31 Orc Burrow
00:47 Barracks
02:29 Barracks
02:31 Orc Burrow
02:38 Orc Burrow
02:44 Ancient of War
02:46 Ancient of War
03:12 Moon Well
03:34 Barracks
03:51 Stronghold
03:53 Barracks
03:59 Orc Burrow
Random» NightElfhossfield (teal | 26 APM | 44 actions | 01:40)

» actions
Build / train8
Enter build submenu4
Right click12
Select / deselect14
Use ability6
44 total
» units
Wisp7
Archer1
8 total
» buildings
Ancient of War1
Moon Well2
Altar of Elders1
4 total
» build order
00:28 Ancient of War
00:34 Moon Well
00:51 Altar of Elders
01:36 Moon Well
OrcTLoo98 (pink | 16 APM | 27 actions | 01:41)

» actions
Build / train5
Enter build submenu2
Right click8
Select / deselect10
Use ability2
27 total
» units
Peon4
4 total
» buildings
Altar of Storms1
Orc Burrow1
2 total
» build order
00:04 Altar of Storms
00:20 Orc Burrow
Random» NightElf1.8InchesOfLove (yellow | 24 APM | 41 actions | 01:40)

» actions
Build / train8
Enter build submenu3
Right click10
Select / deselect15
Use ability5
41 total
» units
Wisp7
7 total
» buildings
Altar of Elders1
Moon Well1
Hunter's Hall1
3 total
» build order
00:08 Altar of Elders
00:13 Moon Well
01:19 Hunter's Hall
team 2
Random» Undeadxorash2 (orange | 29 APM | 18 actions | 00:37)

» actions
Build / train2
Enter build submenu2
Right click8
Select / deselect4
Use ability2
18 total
» units
Acolyte2
2 total
» buildings
Crypt1
Ziggurat1
2 total
» build order
00:21 Crypt
00:23 Ziggurat
HumanLt.Deadlock (blue | 49 APM | 82 actions | 01:40)

» actions
Basic commands8
Build / train6
Enter build submenu10
Right click18
Select / deselect34
Use ability6
82 total
» units
Peasant6
6 total
» buildings
Altar of Kings1
Crypt1
Altar of Darkness1
Farm1
Graveyard2
6 total
» build order
00:07 Altar of Kings
00:50 Crypt
00:55 Altar of Darkness
00:59 Farm
01:27 Graveyard
01:31 Graveyard
Random» OrcCheeZWhiZ (purple | 16 APM | 27 actions | 01:40)

» actions
Build / train5
Enter build submenu3
Right click7
Select / deselect9
Use ability3
27 total
» units
Peon4
4 total
» buildings
Altar of Storms1
Orc Burrow1
Barracks1
3 total
» build order
00:08 Altar of Storms
00:37 Orc Burrow
00:51 Barracks
Random» HumanBRUCEWILLISUSA (green | 2026 APM | 11389 actions | 05:37)
Hero icon 2 Archmage
Ability icon 2 Summon Water Elemental
Hero icon 2 Death Knight
Ability icon 1 Death Coil
Ability icon 1 Unholy Aura
Hero icon 2 Far Seer
Ability icon 1 Feral Spirit
Ability icon 1 Far Sight

» actions
Assign group hotkey11
Basic commands14
Build / train44
ESC pressed1
Enter build submenu20
Enter hero's abilities submenu7
Right click112
Select / deselect102
Select group hotkey48
Use ability11030
11389 total
» units
Ghoul5
Grunt5
Peasant9
Footman8
Crypt Fiend2
29 total
» buildings
Altar of Kings1
Farm11006
Barracks2
Ziggurat3
Orc Burrow2
Scout Tower1
Arcane Tower1
Crypt1
Stronghold1
Keep1
Blacksmith1
11020 total
» build order
00:03 Altar of Kings
00:04 Farm
00:06 Farm
00:06 Farm
00:06 Farm
00:07 Farm
00:07 Farm
00:08 Farm
00:08 Farm
00:08 Farm
00:08 Farm
00:09 Farm
00:09 Farm
00:09 Farm
00:10 Farm
00:10 Farm
00:10 Farm
00:11 Farm
00:11 Farm
00:12 Farm
00:12 Farm
00:13 Farm
00:13 Farm
00:13 Farm
00:14 Farm
00:14 Farm
00:14 Farm
00:15 Farm
00:15 Farm
00:15 Farm
00:16 Farm
00:16 Farm
00:17 Farm
00:17 Farm
00:18 Farm
00:18 Farm
00:18 Farm
00:19 Farm
00:19 Farm
00:20 Farm
00:20 Farm
00:20 Farm
00:20 Farm
00:21 Farm
00:21 Farm
00:21 Farm
00:22 Farm
00:22 Farm
00:23 Farm
00:23 Farm
00:23 Farm
00:24 Farm
00:24 Farm
00:24 Farm
00:25 Farm
00:25 Farm
00:26 Farm
00:26 Farm
00:26 Farm
00:26 Farm
00:27 Farm
00:27 Farm
00:27 Farm
00:28 Farm
00:28 Farm
00:28 Farm
00:29 Farm
00:29 Farm
00:30 Farm
00:30 Farm
00:30 Farm
00:31 Farm
00:31 Farm
00:32 Farm
00:32 Farm
00:32 Farm
00:33 Farm
00:33 Farm
00:34 Farm
00:34 Farm
00:34 Farm
00:35 Farm
00:35 Farm
00:36 Farm
00:36 Farm
00:36 Farm
00:37 Farm
00:37 Farm
00:37 Farm
00:38 Farm
00:38 Farm
00:38 Farm
00:39 Farm
00:39 Farm
00:40 Farm
00:40 Farm
00:40 Farm
00:40 Farm
00:41 Farm
00:41 Farm
00:41 Farm
00:42 Farm
00:42 Farm
00:43 Farm
00:43 Farm
00:43 Farm
00:44 Farm
00:44 Farm
00:44 Farm
00:45 Farm
00:45 Farm
00:45 Farm
00:46 Farm
00:46 Farm
00:46 Farm
00:47 Farm
00:47 Farm
00:48 Farm
00:48 Farm
00:48 Farm
00:49 Farm
00:49 Farm
00:49 Farm
00:50 Farm
00:50 Farm
00:51 Farm
00:51 Farm
00:51 Farm
00:52 Farm
00:52 Farm
00:52 Farm
00:53 Farm
00:53 Farm
00:54 Farm
00:54 Farm
00:54 Farm
00:55 Farm
00:55 Farm
00:55 Farm
00:56 Farm
00:56 Farm
00:56 Farm
00:57 Farm
00:57 Farm
00:57 Farm
00:58 Farm
00:58 Farm
00:59 Farm
00:59 Farm
00:59 Farm
01:00 Farm
01:00 Farm
01:01 Farm
01:01 Farm
01:01 Farm
01:02 Farm
01:02 Farm
01:02 Farm
01:03 Farm
01:03 Farm
01:03 Farm
01:04 Farm
01:04 Farm
01:04 Farm
01:05 Farm
01:05 Farm
01:05 Farm
01:06 Farm
01:06 Farm
01:07 Farm
01:07 Farm
01:07 Farm
01:07 Farm
01:08 Farm
01:08 Farm
01:09 Farm
01:09 Farm
01:09 Farm
01:10 Farm
01:10 Farm
01:10 Farm
01:11 Farm
01:11 Farm
01:11 Farm
01:12 Farm
01:13 Farm
01:13 Farm
01:13 Farm
01:14 Farm
01:14 Farm
01:14 Farm
01:15 Farm
01:15 Farm
01:16 Farm
01:16 Farm
01:16 Farm
01:17 Farm
01:17 Farm
01:17 Farm
01:18 Farm
01:18 Farm
01:19 Farm
01:19 Farm
01:19 Farm
01:20 Farm
01:20 Farm
01:20 Farm
01:21 Farm
01:21 Farm
01:22 Farm
01:22 Farm
01:22 Farm
01:22 Farm
01:23 Farm
01:23 Farm
01:23 Farm
01:23 Farm
01:24 Farm
01:24 Farm
01:24 Farm
01:28 Farm
01:28 Farm
01:32 Farm
01:32 Farm
01:53 Barracks
01:58 Ziggurat
02:02 Orc Burrow
02:03 Orc Burrow
02:11 Barracks
02:18 Farm
02:25 Farm
02:37 Ziggurat
02:47 Farm
02:52 Scout Tower
03:28 Arcane Tower
03:48 Farm
03:49 Farm
04:07 Crypt
04:08 Ziggurat
04:30 Stronghold
05:02 Keep
05:04 Blacksmith

Chat log

(00:14 / All) TLoo98: someone TK the dhacker green
(00:17 / Allies) CheeZWhiZ: still drop hacking bruce?
(00:22 / All) BRUCEWILLISUSA: someone tk crybaby tloo
(00:33 / All) TLoo98: there's no time hacker
(00:50 / All) TLoo98: ur record still blows hard even dhacking
(01:00 / All) BRUCEWILLISUSA: bawww
(01:00 / All) 1.8InchesOfLove: how do u kniow he dhacks?
(01:09 / All) TLoo98: aren't u lagging?
(01:12 / All) hossfield: im lagging up right now
(01:20 / All) CheeZWhiZ: willis always drop hack
(01:20 / All) TLoo98: he dhacked me 2 hours ago
(01:36 / All) 1.8InchesOfLove: dhack me please i wanna see if u can

(03:31 / All) BRUCEWILLISUSA: haha maphacker

(04:34 / All) BRUCEWILLISUSA: good thing u have antihack
(04:38 / All) BRUCEWILLISUSA: so u can get raped 1v1
(05:17 / All) BRUCEWILLISUSA: raped
(05:17 / All) BRUCEWILLISUSA: raped
(05:18 / All) BRUCEWILLISUSA: raped
(05:21 / All) BRUCEWILLISUSA: easy win
(05:29 / All) stenislau: raped for a dh hahaha u are trash asshole
(05:32 / All) BRUCEWILLISUSA: raped
(05:34 / All) BRUCEWILLISUSA: 1v1
(05:34 / All) BRUCEWILLISUSA: raped